 Dungeon Crawl Stone Soup version 0.28-a0-664-gc179e30c89 (webtiles) character file.

Game seed: 11444143915623916848

24 bande the Covered (level 3, -1/23 HPs)
             Began as a Gargoyle Fighter on Oct 16, 2021.
             Killed by divine providence
             ... invoked by an orc priest
              (11 damage)
             ... on level 3 of the Dungeon.
             The game lasted 00:04:05 (1615 turns).

bande the Covered (Gargoyle Fighter)                Turns: 1615, Time: 00:04:06

Health: -1/23      AC: 13    Str: 20    XL:     3   Next: 2%
Magic:  3/3        EV:  7    Int:  8    God:
Gold:   127        SH:  5    Dex:  9    Spells: 2/2 levels left

rFire   . . .      SeeInvis .   a - +0 war axe
rCold   . . .      Faith    .   c - +1 buckler
rNeg    + . .      Spirit   .   e - +0 chain mail
rPois   ∞          Reflect  .   (no helmet)
rElec   +          Harm     .   (no cloak)
rCorr   .          Rampage  .   (no gloves)
Will    .....                   f - +0 pair of boots
Stlth   ..........              (no amulet)
HPRegen 0.07/turn               (no ring)
MPRegen 0.08/turn               (no ring)

@: no status effects
A: sickness immunity, AC +3, negative energy resistance 1, electricity
resistance, torment resistance 1, petrification resistance
a: no special abilities


You were on level 3 of the Dungeon.
You visited 1 branch of the dungeon, and saw 3 of its levels.

You collected 127 gold pieces.

Inventory:

Hand Weapons
 a - a +0 war axe (weapon)
Armour
 c - a +1 buckler (worn)
 e - a +0 chain mail (worn)
 f - a +0 pair of boots (worn)
 g - a +0 tower shield
Potions
 b - 2 potions of flight
 d - a potion of might


   Skills:
 + Level 3.6 Fighting
 + Level 2.3 Axes
 + Level 3.6 Armour
 + Level 3.5 Shields


You had 2 spell levels left.
You didn't know any spells.
Your spell library was empty.

Dungeon Overview and Level Annotations

Branches:
Dungeon (3/15)

Altars:

Shops:
D:1 =


Innate Abilities, Weirdness & Mutations

You are immune to sickness and miasma.
Your stone body is resilient. (AC +3)
You are immune to poison.
You resist negative energy. (rN+)
You are resistant to electric shocks. (rElec)
You are resistant to unholy torment.
You are immune to petrification.


Message History

The ball python bites you but does no damage.
The ball python constricts you. The ball python bites you.
The ball python constricts you.
You hit the ball python but do no damage.
The ball python bites you but does no damage.
The ball python constricts you.
You slash the ball python!
You kill the ball python!
No target in view!
No target in view!
No target in view!
No target in view!
HP restored.
You now have 127 gold pieces (gained 9).
You see here a +0 dagger.
Found a stone staircase leading up.
Found 22 stones.
A bat comes into view.
The bat moves out of view.
A bat is nearby! 2 orcs and 2 orc priests come into view.
The orc priest shouts! x2; The orc shouts!
You hear a shout!
The bat hits you but does no damage.
An orc comes into view. It is wielding a +0 whip.
An orc priest comes into view. It is wielding a +0 flail.
You block the bat's attack.
The orc shouts!
The bat hits you but does no damage.
You closely miss the bat. The bat hits you but does no damage.
An orc wizard comes into view. It is wielding a +0 dagger.
The bat barely misses you.
The orc priest mumbles some strange prayers to Beogh against you.
Beogh smites you!
Ouch! That really hurt!
You miss the bat.
The orc wizard shouts!
You block the bat's attack.
The orc priest mumbles some strange prayers to Beogh against you.
Beogh smites you!
You die...

#.# .............
#.## .
...#.........# ##.#$
.. ............#
#..# ...
...........# #..#
..o. o.........#
#..# .#..o#.........
#..## ......ob#...##
#...#########......#
#.#...........@....#
#.############.....#
#.########## #.....#
#..........#
#.......#
##.........#
#.......#
#....(....#
#.......#
#.........#
##.#....#
#.........# .####+#
#.........#


You could see 2 orc priests, an orc wizard, an orc and a bat.

Vanquished Creatures
  2 worms (D:2)
  3 endoplasms (D:2)
  A goblin (D:1)
  3 hobgoblins
  3 ball pythons
  A bat (D:2)
  2 frilled lizards
  3 kobolds (D:1)
  2 rats
20 creatures vanquished.

Notes
Turn   | Place    | Note
-------+----------+-------------------------------------------
     0 | D:1      | bande the Gargoyle Fighter began the quest for the Orb.
     0 | D:1      | Reached XP level 1. HP: 14/14 MP: 1/1
   356 | D:1      | Found Vefe Otolo's Jewellery Emporium.
   566 | D:1      | Found a faded altar of an unknown god.
   602 | D:1      | Reached XP level 2. HP: 19/19 MP: 2/2
   661 | D:1      | You fall into a shaft and drop 1 floor!
  1389 | D:2      | Reached XP level 3. HP: 23/23 MP: 3/3
  1615 | D:3      | Killed from afar by an orc priest

Illustrated notes

Levels and vault maps discovered:
D:1:      shiori_arrival_oz, layout_loops_ring, ebering_ecumenical_altar_box,
          serial_shops, shop
D:2:      layout_basic, minmay_pentomino_v4
D:3:      cheibrodos_pilgrimage, layout_basic, grunt_gozag_breadcrumbs,
          minmay_cupped

Skill      XL: |  1 |
---------------+----+-----
Axes           | 2 |  2.3
Fighting       | |  3.6
Armour         | |  3.6
Shields        | |  3.5

Action                   || total
-------------------------++-------
Melee: War axe           ||    84
  Use: Scroll            ||     3
Armor: Chain mail        ||    46
       Scale mail        ||     1
Dodge: Dodged            ||    29
Block: Buckler           ||    23

Table legend: (Time is in decaauts)
 A = Elapsed time spent in this place.
 B = Non-inter-level travel time spent in this place.
 C = Inter-level travel time spent in this place.
 D = Time resting spent in this place.
 E = Time spent auto-exploring this place.
 F = Levels seen in this place.
 G = Mean time per level.
                   A        B        C        D        E       F      G
               +--------+--------+--------+--------+--------+-----+--------+
         Total |   1650 |   1639 |     11 |    148 |   1169 |   3 |  550.0 |
       Dungeon |   1650 |   1639 |     11 |    148 |   1169 |   3 |  550.0 |
               +--------+--------+--------+--------+--------+-----+--------+

Top non-repeatable levels by time:
     D:1: 934 daAuts
     D:2: 610 daAuts
     D:3: 105 daAuts
